 Dungeon Crawl Stone Soup version 0.31-a0-241-g00f4a5a00c (webtiles) character file.

Game seed: 6318405157952735601

598 qw the Shooter (level 7, 0/43 HPs)
             Began as a Gargoyle Hexslinger on July 12, 2023.
             Was an Initiate of Okawaru.
             Slain by a gnoll
             ... wielding a +0 halberd
             ... led by a gnoll sergeant
              (9 damage)
             ... on level 6 of the Dungeon.
             The game lasted 00:02:04 (3880 turns).

qw the Shooter (Gargoyle Hexslinger)                Turns: 3880, Time: 00:02:04

Health: 0/43       AC: 12    Str: 12      XL:     7   Next: 40%
Magic:  8/8        EV: 10    Int: 13      God:    Okawaru [......]
Gold:   192        SH:  0    Dex: 11 (14) Spells: 7/8 levels left

rFire   . . .        Y - +2 sling
rCold   + . .        (no shield)
rNeg    + . .        i - +0 ring mail
rPois   inf          c - +0 helmet
rElec   +            (no cloak)
rCorr   .            (no gloves)
SInv    +            n - +0 pair of boots
Will    .....        (no amulet)
Stlth   +            k - ring of protection from cold
HPRegen 0.27/turn    j - ring of see invisible
MPRegen 0.11/turn

%: no passive effects
@: about to teleport
A: sickness immunity, AC +4, negative energy resistance 1, electricity
resistance, torment resistance 1, petrification resistance
a: Renounce Religion


You were on level 6 of the Dungeon.
You worshipped Okawaru.
Okawaru was noncommittal.
You visited 1 branch of the dungeon, and saw 6 of its levels.

You collected 192 gold pieces.


Innate Abilities, Weirdness & Mutations

You are immune to sickness and miasma.
Your stone body is resilient. (AC +4)
You are immune to poison.
You resist negative energy. (rN+)
You are resistant to electric shocks. (rElec)
You are resistant to unholy torment.
You are immune to petrification.


   Skills:
 - Level 4.2 Fighting
 + Level 6.7 Ranged Weapons
 - Level 1.7 Armour
 - Level 1.5 Dodging
 - Level 1.0 Spellcasting
 - Level 2.6 Hexes


You had 7 spell levels left.
You knew the following spells:

 Your Spells              Type           Power      Damage    Failure   Level
a - Slow                  Hex            28%        N/A       21%         1

Your spell library contained the following spells:

 Spells                   Type           Power      Damage    Failure   Level
 Inner Flame              Hex/Fire       4%         N/A       71%         3
 Portal Projectile        Hex/Tloc       8%         N/A       71%         3
 Cause Fear               Hex            3%         N/A       90%         4

Inventory:

Hand Weapons
 Y - a +2 sling (weapon)
Armour
 c - a +0 helmet (worn)
 i - a +0 ring mail (worn)
 n - a +0 pair of boots (worn)
Jewellery
 f - a +6 ring of strength
 j - a ring of see invisible (right hand)
 k - a ring of protection from cold (left hand)
Wands
 b - a wand of digging (5)
Scrolls
 d - a scroll of fog {unknown}
 g - a scroll of teleportation
Potions
 a - a potion of ambrosia {unknown}
 e - a potion of resistance {unknown}
 h - a potion of enlightenment {unknown}
 l - a potion of curing {unknown}

Dungeon Overview and Level Annotations

Branches:
Dungeon (6/15)
 Temple: D:4-7

Altars:
Okawaru


Message History

You hear a shout!
The gnoll barely misses you.
The gnoll sergeant hits you from afar with a +0 spear.
You hear a sizzling splash. x2
The gnoll hits you with a +0 whip!
The gnoll sergeant hits you from afar with a +0 spear.
You shoot a sling bullet. The sling bullet hits the gnoll.
The gnoll is severely wounded.
The gnoll sergeant hits you but does no damage.
The gnoll hits you with a +0 whip.
You shoot a sling bullet. The sling bullet hits the gnoll.
You kill the gnoll!
Okawaru accepts your kill.
The gnoll sergeant hits you but does no damage.
You shoot a sling bullet. The sling bullet hits the gnoll.
The gnoll is lightly wounded.
The gnoll closely misses you. The gnoll sergeant misses you.
You shoot a sling bullet. The sling bullet hits the gnoll.
The gnoll is moderately wounded.
You hear a shout!
The gnoll hits you with a +0 halberd. The gnoll sergeant closely misses you.
You hear a croak.
You shoot a sling bullet.
The sling bullet closely misses the gnoll.
The gnoll sergeant hits you from afar with a +0 spear.
The gnoll misses you.
A bullfrog comes into view.
You shoot a sling bullet. The sling bullet hits the gnoll.
The gnoll is heavily wounded.
The gnoll sergeant closely misses you. The gnoll misses you.
The gnoll sergeant hits you but does no damage.
The gnoll barely misses you.
You shoot a sling bullet.
The sling bullet barely misses the gnoll.
The gnoll hits you with a +0 halberd. The gnoll sergeant misses you.
3880 ||| READING 2 scrolls of teleportation.
As you read the scroll of teleportation, it crumbles to dust.
You feel strangely unstable. The gnoll hits you with a +0 halberd!
You die...

.....# ##.......#
).......####
#.......... ........#
.. ..## .......#####.
.....###......#.....
....Fgg............####
g...#<#@..............#
g .. #.#........#....#
... #.#.............#
... #.#.......)...).##
.. #.#.........###..# .
#.##.......## #...
...#.......# #.#.
.#.#.......# #.##
##...#### #[##


You could see a gnoll sergeant, a bullfrog and a gnoll.

Vanquished Creatures
  A water moccasin (D:3)
  An ogre (D:6)
  An orc priest (D:3)
  A sleepcap (D:4)
  5 orc wizards (D:3)
  Terence (D:2)
  Robin (D:4)
  2 gnolls (D:6)
  5 adders
  4 dart slugs
  23 orcs
  5 endoplasms
  3 giant cockroaches
  10 goblins
  9 hobgoblins
  3 jackals (D:4)
  3 kobolds
  6 quokkas
  13 ball pythons
  7 bats
  2 frilled lizards
  7 rats
113 creatures vanquished.

Vanquished Creatures (others)
  An orc warrior (D:6)
  An iguana (D:6)
2 creatures vanquished.

Grand Total: 115 creatures vanquished

Notes
Turn   | Place    | Note
-------+----------+-------------------------------------------
     0 | D:1      | qw the Gargoyle Hexslinger began the quest for the Orb.
     0 | D:1      | Reached XP level 1. HP: 12/12 MP: 2/2
     0 | D:1      | 0 ||| qw: Version: 0.3-a-52-g30416fa
     0 | D:1      | 0 ||| qw: Game counter: 6186
     0 | D:1      | 0 ||| qw: Melee chars always use a shield: true
     0 | D:1      | 0 ||| qw: God list: Okawaru
     0 | D:1      | 0 ||| qw: Allow faded altars: false
     0 | D:1      | 0 ||| qw: Do Orc after clearing Dungeon:15 true
     0 | D:1      | 0 ||| qw: Do second Lair branch before Depths: true
     0 | D:1      | 0 ||| qw: Lair rune preference: random
     0 | D:1      | 0 ||| qw: Goals: Normal
     0 | D:1      | 0 ||| PLANNING D:1-11
   133 | D:1      | Reached XP level 2. HP: 16/16 MP: 3/3
   329 | D:1      | Reached skill level 3 in Ranged Weapons
   496 | D:1      | Reached XP level 3. HP: 18/21 MP: 4/4
   717 | D:1      | 717 ||| READING scroll labelled GEHEPROTEQ.
   718 | D:1      | 718 ||| DROPPING scroll of poison.
   779 | D:2      | Noticed Terence
   793 | D:2      | HP: 3/21 [Terence/+0 flail (7)]
   796 | D:2      | Killed Terence
   900 | D:2      | Reached XP level 4. HP: 26/26 MP: 5/5
   985 | D:2      | Reached skill level 4 in Ranged Weapons
  1065 | D:2      | 1065 ||| FLEEEEING.
  1066 | D:2      | 1066 ||| FLEEEEING.
  1067 | D:2      | 1067 ||| FLEEEEING.
  1068 | D:2      | 1068 ||| FLEEEEING.
  1072 | D:2      | 1072 ||| FLEEEEING.
  1074 | D:2      | 1074 ||| FLEEEEING.
  1075 | D:2      | 1075 ||| FLEEEEING.
  1076 | D:2      | 1076 ||| FLEEEEING.
  1172 | D:2      | Found a faded altar of an unknown god.
  1750 | D:2      | 1750 ||| UPGRADING to +0 leather armour.
  1760 | D:2      | 1760 ||| DROPPING +0 robe.
  1761 | D:2      | 1761 ||| UPGRADING to +0 ring mail.
  1771 | D:2      | 1771 ||| DROPPING +0 leather armour.
  1772 | D:2      | 1772 ||| UPGRADING to +0 pair of boots.
  1777 | D:2      | 1777 ||| UPGRADING to amulet of guardian spirit.
  1782 | D:2      | 1782 ||| UPGRADING to +6 ring of strength.
  1783 | D:2      | 1783 ||| UPGRADING to ring of see invisible.
  1784 | D:2      | 1784 ||| UPGRADING to ring of protection from cold.
  1786 | D:2      | 1786 ||| READING scroll labelled ASEIKA SECHAI.
  1787 | D:2      | 1787 ||| READING scroll labelled XASO FUTEOTAT.
  1788 | D:2      | 1788 ||| READING scroll labelled ARYCHE KILAN.
  1791 | D:2      | 1791 ||| READING scroll labelled TEOSSON VADUP.
  1853 | D:3      | Reached XP level 5. HP: 25/30 MP: 4/6
  1873 | D:3      | Reached skill level 1 in Armour
  1978 | D:3      | 1978 ||| FLEEEEING.
  1979 | D:3      | 1979 ||| FLEEEEING.
  1980 | D:3      | 1980 ||| FLEEEEING.
  1981 | D:3      | 1981 ||| FLEEEEING.
  1982 | D:3      | 1982 ||| FLEEEEING.
  1983 | D:3      | 1983 ||| FLEEEEING.
  1984 | D:3      | 1984 ||| FLEEEEING.
  1985 | D:3      | 1985 ||| FLEEEEING.
  1986 | D:3      | 1986 ||| FLEEEEING.
  1987 | D:3      | 1987 ||| FLEEEEING.
  1988 | D:3      | 1988 ||| FLEEEEING.
  2047 | D:3      | Reached skill level 5 in Ranged Weapons
  2224 | D:3      | Reached XP level 6. HP: 17/36 MP: 3/7
  2228 | D:3      | Reached skill level 3 in Fighting
  2701 | D:3      | 2701 ||| READING 2 scrolls labelled VEXEITHAGIH.
  2702 | D:3      | 2702 ||| READING 2 scrolls labelled EMNOCLOXTE.
  2803 | D:3      | 2803 ||| DRINKING 3 cyan potions.
  2804 | D:3      | 2804 ||| DROPPING scroll of noise.
  2805 | D:3      | 2805 ||| DROPPING scroll of silence.
  2806 | D:3      | 2806 ||| DROPPING 2 potions of degeneration.
  2906 | D:4      | 2906 ||| FLEEEEING.
  2907 | D:4      | 2907 ||| STAIRDANCE
  2925 | D:4      | Noticed Robin
  2934 | D:4      | Killed Robin
  2954 | D:4      | Noticed a water moccasin
  2955 | D:4      | 2955 ||| FLEEEEING.
  2956 | D:4      | 2956 ||| FLEEEEING.
  2957 | D:4      | 2957 ||| STAIRDANCE
  2998 | D:4      | 2998 ||| STAIRDANCE
  3012 | D:3      | Killed a water moccasin
  3013 | D:3      | Reached skill level 6 in Ranged Weapons
  3070 | D:4      | 3070 ||| STAIRDANCE
  3107 | D:4      | 3107 ||| STAIRDANCE
  3110 | D:3      | Reached XP level 7. HP: 33/42 MP: 6/8
  3190 | D:4      | Found an iron altar of Okawaru.
  3191 | D:4      | 3191 ||| PLANNING OKAWARU WORSHIP
  3191 | D:4      | 3191 ||| UPGRADING to +0 helmet.
  3196 | D:4      | 3196 ||| READING scroll labelled MEIHAO AFASIDIMISCH.
  3197 | D:4      | 3197 ||| DRINKING 2 ruby potions.
  3198 | D:4      | 3198 ||| DROPPING potion of attraction.
  3201 | D:4      | Became a worshipper of Warmaster Okawaru
  3202 | D:4      | 3202 ||| PLANNING D:1-11
  3202 | D:4      | 3202 ||| REMOVING amulet of guardian spirit.
  3652 | D:4      | 3652 ||| DROPPING amulet of guardian spirit.
  3653 | D:4      | 3653 ||| READING scroll labelled BOSUIH ZAECE.
  3666 | D:5      | Entered Level 5 of the Dungeon
  3716 | D:5      | You fall into a shaft and drop 1 floor!
  3869 | D:6      | 3869 ||| Stepping ~*~*~tactically~*~*~ (outnumbered).
  3879 | D:6      | HP: 9/43 [gnoll/+0 halberd[a gnoll sergeant] (6)]
  3880 | D:6      | 3880 ||| READING 2 scrolls of teleportation.
  3880 | D:6      | Slain by a gnoll

Levels and vault maps discovered:
D:1:      giann_horns, layout_basic
D:2:      layout_basic, nicolae_ecumenical_snake_handling, minivault_25,
          minmay_distorted, uniq_terence
D:3:      layout_basic, minmay_curled_crystal
D:4:      layout_cave_pools, lemuel_doored_altar, uniq_robin
D:5:      layout_basic, nicolae_ru_great_annihilating_truth, serial_glass,
          glass_columns_a, glass_columns_b, uniq_menkaure, uniq_duvessa,
          uniq_prince_ribbit1
D:6:      minmay_general_purpose_star, layout_rooms, xom_confusion_cloud,
          minmay_temple_entry_from_below_a, ebering_ghost_reflecting_pool,
          uniq_blork_the_orc

Skill      XL: |  1  2  3  4  5  6  7 |
---------------+----------------------+-----
Ranged Weapons | 3 4 5 6 |  6.7
Fighting       | 2 3 4 |  4.2
Armour         | 1 |  1.7
Dodging        | |  1.5
Spellcasting   | |  1.0
Hexes          | |  2.6

Action                     |  1- 3 |  4- 6 |  7- 9 || total
---------------------------+-------+-------+-------++-------
   Fire: Sling             |   100 |   317 |    92 ||   509
    Use: Scroll            |     1 |     6 |     3 ||    10
         Potion            |       |     1 |     1 ||     2
 Armour: Robe              |    18 |    23 |       ||    41
         Ring mail         |       |   129 |    24 ||   153
  Dodge: Dodged            |    20 |   153 |    28 ||   201

Table legend:
 A = Non-vault XP
 B = Vault XP
 C = Vault XP percentage of total XP
 D = Non-vault monster count
 E = Vault monster count
 F = Vault count percentage of total count
                 A         B        C        D         E       F
            +---------+---------+-------+---------+---------+-------
      Total |     736 |     119 |  13.9 |      93 |      20 |  17.7
            +---------+---------+-------+---------+---------+-------
        D:1 |      34 |       0 |   0.0 |      21 |       0 |   0.0
        D:2 |      40 |      83 |  67.5 |      15 |       8 |  34.8
        D:3 |     444 |       0 |   0.0 |      37 |       0 |   0.0
        D:4 |      77 |      36 |  31.9 |      17 |      12 |  41.4
        D:6 |     141 |       0 |   0.0 |       3 |       0 |   0.0
            +---------+---------+-------+---------+---------+-------
